 Dungeon Crawl Stone Soup version 0.28.0-45-g0d030f2227 (webtiles) character file.

Game seed: 2346070069152445371

67 nickcage the Cudgeller (level 4, -10/35 HPs)
             Began as a Formicid Fighter on Apr 5, 2022.
             Was an Initiate of the Shining One.
             Killed by nerve-wracking pain
             ... invoked by an orc priest
              (11 damage)
             ... on level 3 of the Dungeon.
             The game lasted 00:03:33 (2569 turns).

nickcage the Cudgeller (Formicid Fighter)           Turns: 2569, Time: 00:03:33

Health: -10/35     AC:  6    Str: 23    XL:     4   Next: 40%
Magic:  4/4        EV:  9    Int:  7    God:    the Shining One [......]
Gold:   47         SH:  4    Dex: 10    Spells: 3/3 levels left

rFire   . . .      SeeInvis +   a - +0 flail
rCold   . . .      Faith    .   c - +0 buckler
rNeg    . . .      Spirit   .   b - +0 scale mail
rPois   .          Reflect  .   (helmet unavailable)
rElec   .          Harm     .   (no cloak)
rCorr   +          Rampage  .   (no gloves)
Will    .....                   (no boots)
Stlth   ..........              (no amulet)
HPRegen 0.11/turn               e - ring of resist corrosion
MPRegen 0.09/turn               (no ring)

@: glowing
A: permanent stasis, dig shafts and tunnels, antennae 3, four strong arms
a: Dig, Shaft Self, Renounce Religion


You were on level 3 of the Dungeon.
You worshipped the Shining One.
The Shining One was noncommittal.
You visited 1 branch of the dungeon, and saw 3 of its levels.

You collected 47 gold pieces.

Inventory:

Hand Weapons
 a - a +0 flail (weapon)
Armour
 b - a +0 scale mail (worn)
 c - a +0 buckler (worn)
Jewellery
 e - a ring of resist corrosion (left hand)
Scrolls
 f - a scroll of enchant weapon {unknown}
 g - 2 scrolls of teleportation {unknown}
 h - 3 scrolls of blinking {unknown}
 i - 2 scrolls of identify {unknown}
 j - a scroll of amnesia {unknown}
Potions
 d - a potion of might
 k - a potion of heal wounds {unknown}


   Skills:
 - Level 3.2 Fighting
 + Level 4.3 Maces & Flails
 - Level 3.2 Armour
 - Level 3.6 Shields


You had 3 spell levels left.
You didn't know any spells.
Your spell library was empty.

Dungeon Overview and Level Annotations

Branches:
Dungeon (3/15)

Altars:
The Shining One


Innate Abilities, Weirdness & Mutations

You cannot be hasted, slowed, berserked, paralysed or teleported.
You can dig through walls and to a lower floor.
You have a pair of large antennae on your head. (SInv)
Your four strong arms can wield two-handed weapons with a shield.


Message History

You thump the orc!
You kill the orc!
The orc priest mumbles some strange prayers to Beogh against you.
Beogh smites you!
You hear a shout!
You barely miss the orc. The orc hits you but does no damage.
An orc comes into view. It is wielding a +0 dagger.
You barely miss the orc.
The orc priest mumbles some strange prayers to Beogh against you.
Beogh smites you! You block the orc's attack.
You are too injured to fight recklessly!
You are too injured to fight recklessly!
You are too injured to fight recklessly!
You are too injured to fight recklessly!
You sock the orc!
You kill the orc!
The orc priest hits you but does no damage.
You completely miss the orc priest.
The orc priest hits you but does no damage.
You barely miss the orc priest.
The orc priest hits you but does no damage.
You barely miss the orc priest.
The orc priest hits you but does no damage.
You barely miss the orc priest.
The orc priest looks braver for a moment.
You completely miss the orc priest. You block the orc priest's attack.
The orc priest closely misses you.
You hit the orc priest.
The orc priest is moderately wounded.
The orc priest hits you but does no damage.
You hit the orc priest but do no damage.
The orc priest is moderately wounded.
The orc priest mumbles some strange prayers to Beogh against you.
Beogh smites you!
* * * LOW HITPOINT WARNING * * *
You barely miss the orc priest.
The orc priest is moderately wounded.
The orc priest calls down the wrath of Beogh upon you.
Pain shoots through your body!
You die...

###
#.##
#o. #o#
{ #@# {
#.# {
#.#
#.###.#
#<....#
#.#####
...
...##
#####


You could see an orc priest and an orc.

Vanquished Creatures
  2 adders (D:2)
  2 worms (D:2)
  An adder skeleton (D:2)
  A dart slug (D:1)
  2 orcs (D:3)
  3 endoplasms
  7 goblins
  3 hobgoblins
  6 ball pythons
  5 bats
  2 frilled lizards
  2 kobolds (D:2)
  2 rats (D:2)
38 creatures vanquished.

Notes
Turn   | Place    | Note
-------+----------+-------------------------------------------
     0 | D:1      | nickcage the Formicid Fighter began the quest for the Orb.
     0 | D:1      | Reached XP level 1. HP: 18/18 MP: 1/1
   163 | D:1      | Found a faded altar of an unknown god.
   454 | D:1      | Reached XP level 2. HP: 6/24 MP: 2/2
   925 | D:1      | Reached skill level 3 in Maces & Flails
  1312 | D:2      | Reached XP level 3. HP: 28/29 MP: 3/3
  2217 | D:2      | Reached skill level 4 in Maces & Flails
  2217 | D:2      | Reached XP level 4. HP: 35/35 MP: 4/4
  2497 | D:2      | Found a glowing golden altar of the Shining One.
  2505 | D:2      | Became a worshipper of the Shining One
  2568 | D:3      | HP: 1/35 [orc priest/divine providence (12)]
  2569 | D:3      | Killed from afar by an orc priest

Illustrated notes

Levels and vault maps discovered:
D:1:      dpeg_arrival_line_fractal, layout_loops_cross,
          hellmonk_ecumenical_altar_arch_garden
D:2:      layout_loops_corners, basic_altar, minivault_19, grunt_ministairs_7
D:3:      layout_basic, old_standard_altar

Skill      XL: |  1  2  3 |
---------------+----------+-----
Maces & Flails | 3 4 |  4.3
Fighting       | |  3.2
Armour         | |  3.2
Shields        | |  3.6

Action                   |  1- 3 |  4- 6 || total
-------------------------+-------+-------++-------
Melee: Flail             |    99 |    27 ||   126
Armor: Scale mail        |    52 |    11 ||    63
Dodge: Dodged            |    42 |     4 ||    46
Block: Buckler           |    18 |     3 ||    21
